 Dungeon Crawl Stone Soup version 0.29.1-15-g9cfb28693d (webtiles) character file.

Game seed: 1764806581251523511

5839 Gustavia the Skirmisher (level 10, -13/118 HPs)
             Began as a Gnoll Hunter on Mar 9, 2023.
             Was a Believer of Elyvilon.
             Mangled by a sun demon (17 damage)
             ... on level 9 of the Dungeon on Mar 10, 2023.
             The game lasted 00:52:55 (7697 turns).

Gustavia the Skirmisher (Gnoll Hunter)              Turns: 7697, Time: 00:52:56

Health: -13/118    AC: 25    Str: 12    XL:     10   Next: 80%
Magic:  20/20      EV:  2    Int:  8    God:    Elyvilon [**....]
Gold:   510        SH:  0    Dex: 25    Spells: 20/20 levels left

rFire   . . .      SeeInvis .   b - +0 longbow
rCold   . . .      Faith    .   (shield currently unavailable)
rNeg    . . .      Spirit   .   (body armour currently unavailable)
rPois   +          Reflect  .   (helmet currently unavailable)
rElec   .          Harm     .   (cloak currently unavailable)
rCorr   .          Rampage  .   (gloves currently unavailable)
Will    .....      NoTele   +   (boots currently unavailable)
Stlth   ++++......              z - amulet of the acrobat
HPRegen 0.29/turn               d - +6 ring of dexterity
MPRegen 0.17/turn               i - +4 ring of slaying

@: tree-form, studying Long Blades
A: stationary, stasis, torment immunity, boosted hp, (fangs 1), strong nose,
distributed training, (large bone plates 1), high MP 1, (sturdy frame 1)
a: Renounce Religion, Purification, Heal Other


You were on level 9 of the Dungeon.
You worshipped Elyvilon.
Elyvilon was pleased with you.
You were a tree.
You visited 2 branches of the dungeon, and saw 10 of its levels.

You collected 510 gold pieces.

Inventory:

Hand Weapons
 a - a +4 shortbow
 b - a +0 longbow (weapon)
Armour
 c - a +2 leather armour (melded)
 f - a +1 pair of gloves (melded)
 o - a +0 helmet (melded)
 u - a +1 cloak (melded)
Jewellery
 d - a +6 ring of dexterity (left branch)
 e - a ring of protection from cold
 i - a +4 ring of slaying (right branch)
 r - a ring of resist corrosion
 v - a ring of magical power
 x - a +6 ring of dexterity
 z - an amulet of the acrobat (around neck)
Wands
 w - a wand of paralysis (6)
 y - a wand of quicksilver (9)
Scrolls
 g - 4 scrolls of amnesia
 h - 3 scrolls of teleportation
 l - a scroll of butterflies
 m - a scroll of silence
 t - 3 scrolls of magic mapping
 C - 7 scrolls of identify
Potions
 k - 2 potions of flight
 s - a potion of cancellation
 A - a potion of lignification
 B - 2 potions of might
 E - a potion of brilliance


   Skills:
 + Level 7.5 Fighting
 + Level 5.8 Short Blades
 + Level 6.1 Long Blades
 + Level 5.8 Axes
 + Level 5.8 Maces & Flails
 + Level 5.8 Polearms
 + Level 5.8 Staves
 + Level 10.4 Ranged Weapons
 + Level 5.8 Throwing
 + Level 5.8 Armour
 + Level 7.5 Dodging
 + Level 6.3 Stealth
 + Level 5.8 Shields
 + Level 5.8 Unarmed Combat
 + Level 5.8 Spellcasting
 + Level 4.8 Conjurations
 + Level 4.8 Hexes
 + Level 4.8 Summonings
 + Level 4.8 Necromancy
 + Level 4.8 Translocations
 + Level 4.8 Transmutations
 + Level 4.8 Fire Magic
 + Level 4.8 Ice Magic
 + Level 4.8 Air Magic
 + Level 4.8 Earth Magic
 + Level 4.8 Poison Magic
 + Level 6.4 Invocations
 + Level 5.8 Evocations


You had 20 spell levels left.
You didn't know any spells.
Your spell library contained the following spells:

 Spells                   Type           Power      Damage    Failure   Level
 Sting                    Tmut/Pois      40%        1d5       3%          1
 Ensorcelled Hibernation  Hex/Ice        20%        N/A       4%          2
 Passwall                 Tmut/Erth      8%         N/A       4%          2
 Poisonous Vapours        Pois/Air       20%        N/A       4%          2
 Portal Projectile        Hex/Tloc       20%        N/A       10%         3
 Summon Guardian Golem    Hex/Summ       10%        N/A       10%         3
 Swiftness                Air            10%        N/A       10%         3
 Tukima's Dance           Hex            10%        N/A       10%         3
 Olgreb's Toxic Radiance  Pois           10%        N/A       32%         4
 Blade Hands              Tmut           5%         N/A       67%         5
 Orb of Destruction       Conj           5%         9d5       100%        7
 Spellforged Servitor     Conj/Summ      5%         N/A       100%        7


Dungeon Overview and Level Annotations

Branches:
Dungeon (9/15)             Temple (1/1) D:7
   Lair: D:8-11         Orc: D:9-12

Altars:
Ashenzari
Cheibriados
Dithmenos
Elyvilon
Fedhas
Gozag
Hepliaklqana
Kikubaaqudgha
Makhleb
Nemelex Xobeh
Okawaru
Qazlal
Ru
Sif Muna
Trog
Uskayaw
Vehumet
Wu Jian
Xom
Yredelemnul
Zin
The Shining One

Shops:
D:9 *


Innate Abilities, Weirdness & Mutations

You are a tree.
Your roots penetrate the ground, keeping you stationary.
You cannot be teleported.
You are immune to unholy pain and torment.
Your maximum health is greatly increased.
Your equipment is partially melded.
((You have very sharp teeth.))
Your uncanny sense of smell can sniff out nearby items.
Your experience applies equally to all skills.
((You are partially covered in large bone plates. (SH +4)))
You have an increased reservoir of magic. (+10% MP)
((Your movements are slightly less encumbered by armour. (ER -2)))


Message History

Fire: b) +0 longbow
Press: ? - help, Q - select action, (/) - cycle Shift-Dir - straight line, f - rust devil, p - hornet
Aim: a rust devil (almost dead, 78% to hit)
You shoot an arrow. The arrow closely misses the hornet.
The arrow hits the rust devil!
You kill the rust devil!
You feel yourself speed up.
The hornet stings you but does no damage.
The hornet stings you.
* * * LOW HITPOINT WARNING * * *
The hornet stings you but does no damage.
Your life force feels restored.
Fire: b) +0 longbow
Press: ? - help, Q - select action, (/) - cycle Shift-Dir - straight line, f - orc wizard
Aim: an orc wizard, wielding a +0 dagger and wearing a +0 robe (68% to hit)
Okay, then.
You cannot teleport because you are held in place by your roots.
Fire: b) +0 longbow
Press: ? - help, Q - select action, (/) - cycle Shift-Dir - straight line, f - orc wizard
Aim: an orc wizard, wielding a +0 dagger and wearing a +0 robe (68% to hit)
You shoot an arrow. The arrow hits the hornet!
You kill the hornet!
Your Long Blades skill increases to level 6!
You cannot move.
Fire: b) +0 longbow
Press: ? - help, Q - select action, (/) - cycle Shift-Dir - straight line, f/p - orc wizard
Aim: an orc wizard, wielding a +0 dagger and wearing a +0 robe (68% to hit)
You shoot an arrow. The arrow barely misses the sun demon.
The arrow hits the orc wizard!
You kill the orc wizard!
Fire: b) +0 longbow
Press: ? - help, Q - select action, (/) - cycle Shift-Dir - straight line, f - sun demon
Aim: a sun demon (68% to hit)
You shoot an arrow. The arrow barely misses the sun demon.
The arrow hits the rust devil.
The rust devil is lightly wounded.
The sun demon hits you! Elyvilon protects you from harm!
You are engulfed in flames!
You die...

***,***,,,*,#.#######3<....#
,,,** *,*,#,#4#
######.#*****
,,,,***,*,#.#.## ***,,,∆,,,
,,,,,**,*∆#.oo.###
*,,,,****,
,∩,,,**∆*,#..#..5# *,*,** *,
,,,,,**,*,##...#o# *,*,* **
,,,,***,*,*##.##4# *,*,* *
,,,** *,*,**#.*#3#
**,*,******
,,*****,,,,,..*#♣#
*,,*,,,,,,*
,**,,,,,*,,.##*#.#
*,*********
,,,,,,,*,,#.8,,..# *,* *
,,,,,,,,,,.,,,...# *,* **
****,,,,,*8∆,.>..# *,* *, **
*****,,,,.....# *,* ** ,*
*8,,.∩...8# *,* * ,*
*,,.....#.# *,* * ,*
*,,<,,,8*,* *,* *


You could see a sun demon, a rust devil, a quasit and an orc.

Vanquished Creatures
  Erica (D:8)
  A centaur warrior (D:8)
  Pikel (D:8)
  A rust devil (D:9)
  A gargoyle (D:8)
  Psyche (D:8)
  2 hornets
  Prince Ribbit (D:8)
  A water moccasin (D:5)
  3 sky beasts
  2 orc warriors
  An ice beast (D:7)
  3 black bears
  An ogre (D:7)
  A centaur (D:7)
  A kobold brigand (D:8)
  A lemure (D:8)
  Blork the orc (D:5)
  2 necrophages (D:6)
  2 scorpions (D:5)
  4 bullfrogs
  2 howler monkeys (D:5)
  3 jellies
  6 orc priests
  4 hounds
  3 gnoll boudas
  Crazy Yiuf (D:4)
  2 iguanas
  6 orc wizards
  9 gnolls
  4 adders
  A shadow imp (D:5)
  3 white imps
  An ufetubus (D:7)
  A worm (D:2)
  12 dart slugs
  26 orcs
  7 ball pythons
  6 endoplasms
  5 giant cockroaches
  3 goblins
  4 hobgoblins
  11 jackals
  3 quokkas
  2 bats
  4 frilled lizards
  3 kobolds
  5 rats
169 creatures vanquished.

Vanquished Creatures (others)
  An orc wizard (D:8)
  2 fungi (D:4)
3 creatures vanquished.

Grand Total: 172 creatures vanquished

Notes
Turn   | Place    | Note
-------+----------+-------------------------------------------
     0 | D:1      | Gustavia the Gnoll Hunter began the quest for the Orb.
     0 | D:1      | Reached XP level 1. HP: 20/20 MP: 1/1
   176 | D:1      | Reached XP level 2. HP: 26/26 MP: 2/2
   300 | D:1      | Found a faded altar of an unknown god.
   584 | D:2      | Reached XP level 3. HP: 31/31 MP: 3/3
   863 | D:2      | Reached skill level 1 in Invocations
   958 | D:2      | Reached skill level 1 in Short Blades
   958 | D:2      | Reached skill level 1 in Long Blades
   958 | D:2      | Reached skill level 1 in Axes
   958 | D:2      | Reached skill level 1 in Maces & Flails
   958 | D:2      | Reached skill level 1 in Polearms
   958 | D:2      | Reached skill level 1 in Staves
   958 | D:2      | Reached skill level 1 in Throwing
   958 | D:2      | Reached skill level 1 in Armour
   958 | D:2      | Reached skill level 1 in Shields
   958 | D:2      | Reached skill level 1 in Unarmed Combat
   958 | D:2      | Reached skill level 1 in Spellcasting
   958 | D:2      | Reached skill level 1 in Evocations
  1190 | D:2      | Reached XP level 4. HP: 38/38 MP: 5/5
  1434 | D:3      | Reached skill level 1 in Conjurations
  1434 | D:3      | Reached skill level 1 in Hexes
  1434 | D:3      | Reached skill level 1 in Summonings
  1434 | D:3      | Reached skill level 1 in Necromancy
  1434 | D:3      | Reached skill level 1 in Translocations
  1434 | D:3      | Reached skill level 1 in Transmutations
  1434 | D:3      | Reached skill level 1 in Fire Magic
  1434 | D:3      | Reached skill level 1 in Ice Magic
  1434 | D:3      | Reached skill level 1 in Air Magic
  1434 | D:3      | Reached skill level 1 in Earth Magic
  1434 | D:3      | Reached skill level 1 in Poison Magic
  1564 | D:3      | Reached XP level 5. HP: 38/43 MP: 7/7
  1604 | D:3      | Found a hazy altar of Hepliaklqana.
  1606 | D:3      | Found a shadowy altar of Dithmenos.
  1606 | D:3      | Found a blossoming altar of Fedhas.
  1608 | D:3      | Found an opulent altar of Gozag.
  1608 | D:3      | Found a basalt altar of Yredelemnul.
  1608 | D:3      | Found a shimmering altar of Xom.
  1895 | D:3      | Found a bloodstained altar of Trog.
  2058 | D:4      | Reached XP level 6. HP: 50/50 MP: 8/8
  2103 | D:4      | Reached skill level 5 in Fighting
  2103 | D:4      | Reached skill level 5 in Dodging
  2125 | D:4      | Gained mutation: You are partially covered in large bone
                  | plates. (SH +4) [potion of mutation]
  2125 | D:4      | Gained mutation: You have an increased reservoir of magic.
                  | (+10% MP) [potion of mutation]
  2125 | D:4      | Gained mutation: Your movements are slightly less
                  | encumbered by armour. (ER -2) [potion of mutation]
  2254 | D:4      | Found a shimmering blue altar of Sif Muna.
  2484 | D:4      | Found a runed translucent door.
  2485 | D:4      | Noticed Crazy Yiuf
  2493 | D:4      | Killed Crazy Yiuf
  2566 | D:5      | Entered Level 5 of the Dungeon
  2632 | D:5      | Noticed Blork the orc
  2637 | D:5      | Killed Blork the orc
  2654 | D:5      | Reached XP level 7. HP: 51/56 MP: 11/11
  2724 | D:5      | Reached skill level 9 in Ranged Weapons
  2896 | D:5      | Found a broken altar of Ashenzari.
  3002 | D:5      | Identified the +7 mace of the Thieving Gods {vorpal, *Slow
                  | Will+ Str+7}
  3274 | D:5      | Reached XP level 8. HP: 63/63 MP: 13/13
  3354 | D:6      | Found a white marble altar of Elyvilon.
  3439 | D:6      | Became a worshipper of Elyvilon the Healer
  3804 | D:6      | Reached * piety under Elyvilon
  4164 | D:7      | Found a glowing golden altar of the Shining One.
  4448 | D:7      | Noticed a hornet
  4454 | D:7      | Killed a hornet
  4455 | D:7      | Reached XP level 9. HP: 64/69 MP: 16/16
  4564 | D:7      | Found a staircase to the Ecumenical Temple.
  4573 | Temple   | Entered the Ecumenical Temple
  4742 | D:7      | Reached ** piety under Elyvilon
  5096 | D:8      | Noticed Pikel
  5113 | D:8      | Killed Pikel
  5114 | D:8      | Reached skill level 5 in Stealth
  5114 | D:8      | Reached skill level 5 in Invocations
  5211 | D:8      | Noticed Prince Ribbit
  5214 | D:8      | Killed Prince Ribbit
  5260 | D:8      | Noticed Psyche
  5263 | D:8      | Killed Psyche
  5549 | D:8      | Identified the +6 hand axe "Zoissa" {freeze, rPois rC+
                  | Int+2}
  5923 | D:8      | Reached skill level 5 in Short Blades
  5923 | D:8      | Reached skill level 5 in Long Blades
  5923 | D:8      | Reached skill level 5 in Axes
  5923 | D:8      | Reached skill level 5 in Maces & Flails
  5923 | D:8      | Reached skill level 5 in Polearms
  5923 | D:8      | Reached skill level 5 in Staves
  5923 | D:8      | Reached skill level 5 in Throwing
  5923 | D:8      | Reached skill level 5 in Armour
  5923 | D:8      | Reached skill level 5 in Shields
  5923 | D:8      | Reached skill level 5 in Unarmed Combat
  5923 | D:8      | Reached skill level 5 in Spellcasting
  5923 | D:8      | Reached skill level 5 in Evocations
  5923 | D:8      | Reached XP level 10. HP: 77/77 MP: 19/19
  5935 | D:8      | Noticed Erica
  5941 | D:8      | Killed Erica
  5942 | D:8      | Reached skill level 10 in Ranged Weapons
  5991 | D:8      | Noticed a gargoyle
  6004 | D:8      | Killed a gargoyle
  6012 | D:8      | Noticed a centaur warrior
  6024 | D:8      | Killed a centaur warrior
  6309 | D:8      | Found an ancient bone altar of Kikubaaqudgha.
  6505 | D:9      | Noticed a sun demon
  6509 | D:9      | Noticed a soul eater
  6510 | D:9      | Noticed a rust devil
  6511 | D:9      | Noticed an orange demon
  6514 | D:9      | Noticed a rust devil
  6526 | D:9      | Elyvilon protects you from harm!
  7688 | D:9      | Found Meec's General Store.
  7693 | D:9      | Paralysed by a hornet for 1 turns
  7693 | D:9      | HP: 3/115 [hornet (5)]
  7694 | D:9      | Killed a rust devil
  7697 | D:9      | Elyvilon protects you from harm!
  7697 | D:9      | Mangled by a sun demon

Illustrated notes

Levels and vault maps discovered:
D:1:      dpeg_arrival_tiny_a, layout_rooms, chequers_ecumenical_altar_twisty
D:2:      layout_basic
D:3:      layout_basic, doesnt_xom_only_xom, trog_three_pillars_becter
D:4:      layout_rooms, tgw_sif, uniq_crazy_yiuf_cottage
D:5:      kennysheep_slugbush, layout_rooms, mainiacjoe_overflow_24_doors,
          uniq_blork_the_orc
D:6:      layout_basic, elyvilon_altar_4, moated_statue,
          kennysheep_generic_room_3
D:7:      layout_loops_corners, nicolae_tso_swordbearing_angel,
          minmay_temple_entry_mini_moons
D:8:      layout_loops_ring, lemuel_coloured_pillars_altar, minmay_manual_mail,
          uniq_erica, uniq_psyche, uniq_pikel, uniq_prince_ribbit1
D:9:      layout_loops_ring, serial_shops, nicolae_shop_bloodbath_and_beyond,
          serial_demonic, serial_demonic_b, serial_demonic_d, serial_demonic_f,
          serial_demonic_b, chequers_decorated_corner, minmay_misc_feat_rugged,
          corexii_corridor_pit, grunt_decor_arrowhead,
          minmay_misc_feat_enclosed, corexii_hall_statues_deadend,
          nicolae_stop_n_shop_1, nicolae_transporter_circle
Temple:   minmay_freezing_vapour_temple

Skill      XL: |  1  2  3  4  5  6  7  8  9 10 |
---------------+-------------------------------+-----
Invocations    | 1 2 3 4 5 6 |  6.4
Short Blades   | 1 2 3 4 5 |  5.8
Long Blades    | 1 2 3 4 5 6 |  6.1
Axes           | 1 2 3 4 5 |  5.8
Maces & Flails | 1 2 3 4 5 |  5.8
Polearms       | 1 2 3 4 5 |  5.8
Staves         | 1 2 3 4 5 |  5.8
Throwing       | 1 2 3 4 5 |  5.8
Armour         | 1 2 3 4 5 |  5.8
Shields        | 1 2 3 4 5 |  5.8
Unarmed Combat | 1 2 3 4 5 |  5.8
Spellcasting   | 1 2 3 4 5 |  5.8
Evocations     | 1 2 3 4 5 |  5.8
Conjurations   | 1 2 3 4 |  4.8
Hexes          | 1 2 3 4 |  4.8
Summonings     | 1 2 3 4 |  4.8
Necromancy     | 1 2 3 4 |  4.8
Translocations | 1 2 3 4 |  4.8
Transmutations | 1 2 3 4 |  4.8
Fire Magic     | 1 2 3 4 |  4.8
Ice Magic      | 1 2 3 4 |  4.8
Air Magic      | 1 2 3 4 |  4.8
Earth Magic    | 1 2 3 4 |  4.8
Poison Magic   | 1 2 3 4 |  4.8
Stealth        | 3 4 5 6 |  6.3
Fighting       | 5 6 7 |  7.5
Dodging        | 5 6 7 |  7.5
Ranged Weapons | 9 10 | 10.4

Action                   |  1- 3 |  4- 6 |  7- 9 | 10-12 || total
-------------------------+-------+-------+-------+-------++-------
Melee: Shortbow          |       |     5 |     1 |       ||     6
       Bite              |       |     2 |       |       ||     2
 Fire: Shortbow          |    51 |   131 |   190 |    36 ||   408
       Longbow           |       |       |       |    46 ||    46
  Use: Potion            |     2 |     3 |     4 |     5 ||    14
       Scroll            |     7 |     9 |     5 |     4 ||    25
Armor: Leather armour    |     1 |     9 |    26 |    19 ||    55
       Skin              |       |       |       |     7 ||     7
Dodge: Dodged            |     3 |    16 |    71 |    50 ||   140
Block: Other             |       |     1 |    11 |    14 ||    26
